 Dungeon Crawl Stone Soup version 0.27-a0-1308-gc08437e49b (webtiles) character file.

Game seed: 1825457509876197223

44 mordus the Chopper (level 3, -4/31 HPs)
             Began as a Draconian Monk on June 18, 2021.
             Slain by Terence (5 damage)
             ... on level 2 of the Dungeon.
             The game lasted 00:02:10 (2123 turns).

mordus the Chopper (Draconian Monk)                 Turns: 2123, Time: 00:02:10

Health: -4/31      AC:  5    Str: 14    XL:     3   Next: 39%
Magic:  3/3        EV: 13    Int: 10    God:
Gold:   78         SH:  0    Dex: 13    Spells: 2/2 levels left

rFire    . . .     SeeInvis .   a - +0 hand axe
rCold    . . .     Faith    .   (no shield)
rNeg     . . .     Spirit   .   (armour unavailable)
rPois    +         Reflect  .   (helmet restricted)
rElec    .         Harm     .   (no cloak)
rCorr    .         Rampage  .   (no gloves)
Will     .....                  (no boots)
Stlth    ++........             (no amulet)
HPRegen  0.10/turn              k - ring of poison resistance
MPRegen  0.08/turn              (no ring)

@: no status effects
A: AC +5, unfitting armour, cold-blooded
a: no special abilities


You were on level 2 of the Dungeon.
You visited 1 branch of the dungeon, and saw 2 of its levels.

You collected 78 gold pieces.

Inventory:

Hand Weapons
 a - a +0 hand axe (weapon)
Jewellery
 k - a ring of poison resistance (left hand)
Scrolls
 b - a scroll of fear {unknown}
 d - a scroll of amnesia {unknown}
 e - a scroll of noise {unknown}
 f - a scroll of identify {unknown}
 h - a scroll of brand weapon {unknown}
Potions
 c - 2 potions of invisibility {unknown}
 g - a potion of attraction {unknown}
 i - a potion of lignification {unknown}
 j - a potion of brilliance {unknown}


   Skills:
 - Level 3.2 Fighting
 * Level 4.1 Axes
 + Level 3.1 Dodging
 - Level 1.7 Stealth


You had 2 spell levels left.
You didn't know any spells.
Your spell library contained the following spells:

 Spells                   Type           Power      Damage    Failure   Level
 Beastly Appendage        Tmut           0%         N/A       36%         1
 Wereblood                Tmut           0%         N/A       50%         2
 Spider Form              Tmut/Pois      0%         N/A       75%         3
 Ice Form                 Ice/Tmut       0%         N/A       98%         4


Dungeon Overview and Level Annotations

Branches:
Dungeon (2/15)

Altars:

Shops:
D:1 :

Annotations:
D:2 Terence


Innate Abilities, Weirdness & Mutations

Your plain brown scales are hard. (AC +5)
You cannot fit into any form of body armour.
You are cold-blooded and may be slowed by cold attacks.


Message History

Terence is nearby!
Terence is nearby!
Terence is nearby!
Terence is nearby!
You hit Terence but do no damage.
Your tail-slap misses Terence.
Terence misses you.
Terence is nearby!
You hit Terence but do no damage. Terence misses you.
Terence is nearby!
You closely miss Terence.
Your tail-slap misses Terence.
Terence hits you with a +0 flail!
You hit Terence.
Terence is lightly wounded.
Terence hits you but does no damage.
A kobold comes into view. It is wielding a +0 whip.
The kobold shouts!
You hit Terence.
Terence is lightly wounded.
Terence closely misses you.
You hit Terence but do no damage.
You tail-slap Terence, but do no damage.
Terence is lightly wounded.
Terence hits you with a +0 flail!
The kobold throws a stone.
The stone barely misses you. Terence hits you with a +0 flail!
* * * LOW HITPOINT WARNING * * *
You barely miss Terence.
Terence is lightly wounded.
The kobold throws a stone.
The stone completely misses you. Terence hits you with a +0 flail.
* * * LOW HITPOINT WARNING * * *
You hit Terence.
Terence is moderately wounded.
Terence shouts, "Now you die!" Terence hits you with a +0 flail.
* * * LOW HITPOINT WARNING * * *
You hit Terence.
Terence is moderately wounded.
The kobold throws a stone.
The stone hits you but does no damage. Terence hits you with a +0 flail.
You die...

##.......##
###.........###
###
.'.........'.
... #K........#
### #.......#
#.....#
#.@.######
#.@.......
#..######.#
#.........#
######..#####..#
#..........##..#
#.###..........#
##...#.......
##.#####.###
#.#####.#


You could see Terence and a kobold.

Vanquished Creatures
  A worm (D:2)
  A dart slug (D:1)
  2 endoplasms
  4 giant cockroaches
  3 goblins
  6 hobgoblins (D:1)
  5 jackals
  A quokka (D:1)
  A ball python (D:1)
  3 bats
  2 frilled lizards (D:1)
  3 kobolds
32 creatures vanquished.

Notes
Turn   | Place    | Note
-------+----------+-------------------------------------------
     0 | D:1      | mordus the Draconian Monk began the quest for the Orb.
     0 | D:1      | Reached XP level 1. HP: 19/19 MP: 1/1
   309 | D:1      | Reached XP level 2. HP: 25/26 MP: 2/2
   535 | D:1      | Found Uvagrixt's Book Shoppe.
  1120 | D:1      | Reached XP level 3. HP: 23/31 MP: 3/3
  1389 | D:2      | Reached skill level 4 in Axes
  1508 | D:2      | Found a faded altar of an unknown god.
  2111 | D:2      | Noticed Terence
  2122 | D:2      | HP: 1/31 [Terence (3)]
  2123 | D:2      | Slain by Terence

Illustrated notes

Levels and vault maps discovered:
D:1:      minmay_arrival_floating_metal, layout_basic, serial_shops, shop,
          hex_tiny, minmay_misc_feat_five
D:2:      layout_loops_corners, chequers_ecumenical_altar_grove, uniq_terence

Skill      XL: |  1  2  3 |
---------------+----------+-----
Dodging        | 3 |  3.1
Axes           | 4 |  4.1
Fighting       | |  3.2
Stealth        | |  1.7

Action                   || total
-------------------------++-------
Melee: Hand axe          ||   129
       Tailslap          ||    12
 Stab: Sleeping          ||     2
Armor: Skin              ||    32
Dodge: Dodged            ||    79

Table legend: (Time is in decaauts)
 A = Elapsed time spent in this place.
 B = Non-inter-level travel time spent in this place.
 C = Inter-level travel time spent in this place.
 D = Time resting spent in this place.
 E = Time spent auto-exploring this place.
 F = Levels seen in this place.
 G = Mean time per level.
                   A        B        C        D        E       F      G
               +--------+--------+--------+--------+--------+-----+--------+
         Total |   2160 |   2112 |     48 |      0 |   1854 |   2 | 1080.0 |
       Dungeon |   2160 |   2112 |     48 |      0 |   1854 |   2 | 1080.0 |
               +--------+--------+--------+--------+--------+-----+--------+

Top non-repeatable levels by time:
     D:1: 1377 daAuts
     D:2: 783 daAuts
